 Dungeon Crawl Stone Soup version 0.30-a0-800-g7c544603b3 (webtiles) character file.

Game seed: 15634681329947878211

1778 nv0k3 the Cleaver (level 9, -1/78 HPs)
             Began as a Hill Orc Fighter on Feb 22, 2023.
             Was a Believer of Beogh.
             Slain by Sigmund
             ... wielding a +0 scythe
              (2 damage)
             ... on level 6 of the Dungeon.
             The game lasted 00:42:37 (5579 turns).

nv0k3 the Cleaver (Hill Orc Fighter)                Turns: 5579, Time: 00:42:38

Health: -1/78      AC: 11    Str: 23    XL:     9   Next: 8%
Magic:  9/9        EV: 13    Int:  8    God:    Beogh [**....]
Gold:   131        SH:  5    Dex: 10    Spells: 8/8 levels left

rFire   . . .      SeeInvis .    a - +0 war axe
rCold   . . .      Faith    .    c - +0 buckler
rNeg    + . .      Spirit   .    f - +0 chain mail
rPois   .          Reflect  .    (no helmet)
rElec   .          Harm     .    (no cloak)
rCorr   .          Rampage  .    t - +0 pair of gloves
Will    .....                    (no boots) Stlth
                                 (no amulet)
HPRegen 0.33/turn                r - +5 ring of evasion
MPRegen 0.11/turn                g - ring of positive energy

@: marked
A: no striking features
a: Renounce Religion, Smiting


You were on level 6 of the Dungeon.
You worshipped Beogh.
Beogh was pleased with you.
You visited 1 branch of the dungeon, and saw 6 of its levels.

You collected 155 gold pieces.
You spent 24 gold pieces at shops.

Inventory:

Hand Weapons
 a - a +0 war axe (weapon)
Armour
 c - a +0 buckler (worn)
 f - a +0 chain mail (worn)
 t - a +0 pair of gloves (worn)
Jewellery
 d - a ring of protection from fire
 g - a ring of positive energy (right hand)
 r - a +5 ring of evasion (left hand)
Wands
 l - a wand of iceblast (2)
Scrolls
 b - 4 scrolls of amnesia
 e - 3 scrolls of fog
 h - 2 scrolls of enchant weapon
 i - 2 scrolls of vulnerability
 k - a scroll of identify
 o - 2 scrolls of teleportation {unknown}
 p - a scroll of immolation {unknown}
 s - a scroll of summoning {unknown}
 u - a scroll of enchant armour {unknown}
Potions
 j - a potion of degeneration {unknown}
 m - 2 potions of brilliance
 n - 2 potions of curing {unknown}
 q - a potion of ambrosia


   Skills:
 + Level 6.6 Fighting
 + Level 10.6 Axes
 + Level 6.5 Armour
 + Level 1.2 Dodging
 + Level 0.2 Stealth
 + Level 5.2 Shields
 + Level 0.1 Evocations


You had 8 spell levels left.
You didn't know any spells.
Your spell library contained the following spells:

 Spells                   Type           Power      Damage    Failure   Level
 Freeze                   Ice            0%         1d3       98%         1
 Kiss of Death            Conj/Necr      0%         2d5       98%         1
 Shock                    Conj/Air       0%         1d3       98%         1
 Summon Small Mammal      Summ           0%         N/A       98%         1
 Blink                    Tloc           0%         N/A       99%         2
 Lesser Beckoning         Tloc           0%         N/A       99%         2
 Momentum Strike          Conj/Tloc      0%         3d8       99%         2
 Call Canine Familiar     Summ           0%         N/A       100%        3
 Frozen Ramparts          Ice            0%         1d1       100%        3
 Hailstorm                Conj/Ice       0%         3d3       100%        3
 Summon Guardian Golem    Hex/Summ       0%         N/A       100%        3


Dungeon Overview and Level Annotations

Branches:
Dungeon (6/15)
 Temple: D:4-7

Altars:
Fedhas
Hepliaklqana
Sif Muna
Trog

Shops:
D:2 ?

Annotations:
D:6 Sigmund


Message History

Sigmund casts a spell.
Sigmund flickers and vanishes!
Deactivating autopickup; reactivate with Ctrl-A.
The ufetubus barely misses you.
The ufetubus hits you but does no damage.
You hit the bullfrog.
The bullfrog is lightly wounded.
You closely miss the hound. You miss the ufetubus. You barely miss the adder.
The hound bites you.
* * * LOW HITPOINT WARNING * * *
The adder bites you.
* * * LOW HITPOINT WARNING * * *
The ufetubus barely misses you.
The ufetubus hits you but does no damage.
The bullfrog misses you. The hound barely misses you.
The adder bites you but does no damage. You block the adder's attack.
You slash the bullfrog!
The bullfrog is heavily wounded.
You slash the hound!
You kill the hound!
Beogh accepts your kill.
You closely miss the ufetubus. You barely miss the adder. x2
The ufetubus barely misses you. x2; The bullfrog hits you.
* * * LOW HITPOINT WARNING * * *
You block something's attack. The adder barely misses you.
You block the ufetubus's attack. The ufetubus barely misses you.
The adder barely misses you. The bullfrog completely misses you.
You hit the bullfrog.
The bullfrog is heavily wounded.
You barely miss the ufetubus. You barely miss the adder. You miss the adder.
You hit the black bear.
You hear the slow rusting of a drain nearby.
You block the ufetubus's attack. The ufetubus hits you.
* * * LOW HITPOINT WARNING * * *
The black bear bites you but does no damage.
The black bear barely misses you.
The black bear claws you but does no damage.
The adder bites you but does no damage. The bullfrog barely misses you.
You block the adder's attack. Something hits you.
You die...

#. #.............#..
..##................#.#
........#.###.........#
#......## #...##..#.#
#.... ##..#####
..#....## ###...##
.......### #......#
#...F†###.##.......
##.@5......#....#$.
..##.ShS...#.##....# .
.........).(.## #...#
..#......†...# .....
##.......### .....
#.......# ##.?.....
#........ ##...##..#


You could see a black bear, a bullfrog, 2 adders and an ufetubus.

Vanquished Creatures
  2 water moccasins
  A black bear (D:5)
  An orc warrior (D:5)
  An ogre (D:5)
  2 centaurs
  A phantom (D:4)
  A bullfrog (D:5)
  A necrophage (D:6)
  3 scorpions
  5 hounds
  3 orc priests
  3 jellies
  Ijyb (D:5)
  2 iguanas
  7 orc wizards
  4 gnolls (D:4)
  6 adders
  A white imp (D:5)
  2 ufetubi
  2 worms
  A dart slug (D:4)
  13 orcs
  4 ball pythons
  6 bats
  An endoplasm (D:4)
  2 giant cockroaches
  11 goblins
  4 hobgoblins
  7 jackals
  2 quokkas (D:3)
  4 frilled lizards
  8 kobolds
  4 rats
116 creatures vanquished.

Vanquished Creatures (others)
  2 orcs (D:3)
2 creatures vanquished.

Grand Total: 118 creatures vanquished

Notes
Turn   | Place    | Note
-------+----------+-------------------------------------------
     0 | D:1      | nv0k3 the Hill Orc Fighter began the quest for the Orb.
     0 | D:1      | Reached XP level 1. HP: 19/19 MP: 1/1
   265 | D:1      | Reached XP level 2. HP: 27/27 MP: 2/2
   855 | D:2      | Reached skill level 3 in Axes
   959 | D:2      | Reached XP level 3. HP: 30/33 MP: 3/3
  1329 | D:2      | Found Nuqe's Magic Scroll Shop.
  1363 | D:2      | Bought a scroll of identify for 24 gold pieces
  1790 | D:3      | Found a blossoming altar of Fedhas.
  1882 | D:3      | Reached XP level 4. HP: 40/40 MP: 4/4
  2131 | D:3      | Noticed a scorpion
  2162 | D:3      | Killed a scorpion
  2163 | D:3      | Reached skill level 4 in Axes
  2163 | D:3      | Reached XP level 5. HP: 45/46 MP: 5/5
  2300 | D:3      | Became a worshipper of Beogh the Brigand
  2903 | D:4      | Noticed a phantom
  2950 | D:4      | Killed a phantom
  2951 | D:4      | Reached skill level 5 in Axes
  2951 | D:4      | Reached XP level 6. HP: 24/53 MP: 6/6
  3202 | D:4      | Reached skill level 5 in Armour
  3215 | D:4      | Reached skill level 5 in Fighting
  3395 | D:4      | Reached skill level 6 in Axes
  3515 | D:4      | Reached * piety under Beogh
  3634 | D:4      | Reached XP level 7. HP: 26/61 MP: 7/7
  3760 | D:4      | Found a hazy altar of Hepliaklqana.
  3981 | D:5      | Entered Level 5 of the Dungeon
  4040 | D:5      | Reached skill level 7 in Axes
  4110 | D:5      | Noticed Ijyb
  4129 | D:5      | Killed Ijyb
  4311 | D:5      | Reached skill level 8 in Axes
  4317 | D:5      | Reached XP level 8. HP: 14/70 MP: 8/8
  4324 | D:5      | HP: 3/70 [poisoned by a scorpion]
  4598 | D:5      | Reached skill level 9 in Axes
  4796 | D:5      | Reached ** piety under Beogh
  4805 | D:5      | Reached skill level 1 in Dodging
  4872 | D:5      | Reached skill level 5 in Shields
  5016 | D:5      | Reached skill level 10 in Axes
  5079 | D:5      | Found a bloodstained altar of Trog.
  5090 | D:5      | Found a shimmering blue altar of Sif Muna.
  5099 | D:5      | Got Sif Muna's Tractate on Conflict
  5403 | D:6      | Reached XP level 9. HP: 48/78 MP: 9/9
  5573 | D:6      | Noticed Sigmund
  5579 | D:6      | HP: 1/78 [ufetubus (3)]
  5579 | D:6      | Slain by Sigmund

Illustrated notes

Levels and vault maps discovered:
D:1:      wander_arrival_fairy_ring, layout_basic, st_stairs_8
D:2:      layout_basic, serial_shops, shop, kennysheep_generic_room_8
D:3:      layout_basic, fedhas_altar_3
D:4:      layout_cave_pools, worldfamousw_hep_ancestral_shrine
D:5:      layout_loops_ring, nzn_overflow_gifts_of_might_and_magic, minmay_bent,
          uniq_ijyb
D:6:      layout_cave_pools, nicolae_dithmenos_shadow_blocks,
          gup_sewer_entry_glass, uniq_sigmund, uniq_edmund

Skill      XL: |  1  2  3  4  5  6  7  8 |
---------------+-------------------------+-----
Fighting       | 4 5 6 |  6.6
Axes           | 3 4 5 6 8 10 | 10.6
Armour         | 4 5 6 |  6.5
Shields        | 4 5 |  5.2
Dodging        | 1 |  1.2
Stealth        | |  0.2
Evocations     | |  0.1

Action                     |  1- 3 |  4- 6 |  7- 9 || total
---------------------------+-------+-------+-------++-------
  Melee: War axe           |    93 |   138 |   202 ||   433
 Invoke: Convert to Beogh  |       |     1 |       ||     1
  Evoke: Wand              |       |       |     1 ||     1
    Use: Scroll            |     5 |     1 |     4 ||    10
         Potion            |       |     3 |     3 ||     6
 Armour: Scale mail        |     5 |       |       ||     5
         Chain mail        |    43 |    84 |   117 ||   244
  Dodge: Dodged            |    29 |    99 |   170 ||   298
  Block: Buckler           |    21 |    34 |    45 ||   100

Table legend: (Time is in decaauts)
 A = Elapsed time spent in this place.
 B = Non-inter-level travel time spent in this place.
 C = Inter-level travel time spent in this place.
 D = Time resting spent in this place.
 E = Time spent auto-exploring this place.
 F = Levels seen in this place.
 G = Mean time per level.
                   A        B        C        D        E       F      G
               +--------+--------+--------+--------+--------+-----+--------+
         Total |   5628 |   5513 |    115 |   1061 |   2941 |   6 |  938.0 |
       Dungeon |   5628 |   5513 |    115 |   1061 |   2941 |   6 |  938.0 |
               +--------+--------+--------+--------+--------+-----+--------+

Top non-repeatable levels by time:
     D:5: 1258 daAuts
     D:3: 1223 daAuts
     D:4: 1127 daAuts
     D:2: 992 daAuts
     D:1: 825 daAuts
     D:6: 201 daAuts
